 Dungeon Crawl Stone Soup version 0.23-a0-82-gdf0b57c211 (webtiles) character file.

72 LLavrengius the Digger (level 4, 24/24 HPs)
             Began as a Gargoyle Earth Elementalist on Aug 13, 2018.
             Was a Follower of Uskayaw.
             Quit the game on level 2 of the Dungeon.
             The game lasted 00:08:41 (2214 turns).

LLavrengius the Digger (GrEE)                       Turns: 2214, Time: 00:08:41

Health: 24/24      AC:  6    Str: 12    XL:     4   Next: 26%
Magic:  7/7        EV: 12    Int: 16    God:    Uskayaw [*.....]
Gold:   50         SH:  0    Dex: 10    Spells: 6/7 levels left

rFire    . . .     SeeInvis .   e - +0 club
rCold    . . .     Gourm    .   (no shield)
rNeg     + . .     Faith    .   c - +0 robe
rPois    ∞         Spirit   .   (no helmet)
rElec    +         Reflect  .   (no cloak)
rCorr    .         Harm     .   (no gloves)
MR       .....                  k - +0 pair of boots
Stlth    ++........             (no amulet)
HPRegen  0.08/turn              (no ring)
MPRegen  0.10/turn              (no ring)

@: no status effects
A: negative energy resistance 1, electricity resistance, unbreathing,
petrification resistance, rot immunity, AC +3
a: Stomp, Renounce Religion


You were on level 2 of the Dungeon.
You worshipped Uskayaw.
Uskayaw was noncommittal.
You were not hungry.

You visited 1 branch of the dungeon, and saw 2 of its levels.

You collected 50 gold pieces.

Inventory:

Hand Weapons
 e - a +0 club (weapon)
 m - a +0 hunting sling
Missiles
 b - 106 stones (quivered)
 n - 2 throwing nets
 r - 5 tomahawks
 s - 22 sling bullets
Armour
 c - a +0 robe (worn)
 k - a +0 pair of boots (worn)
Scrolls
 f - a scroll of remove curse {unknown}
 g - a scroll of identify {unknown}
 h - 3 scrolls of blinking {unknown}
 l - a scroll of enchant weapon {unknown}
 p - a scroll of magic mapping {unknown}
 t - a scroll of amnesia {unknown}
Potions
 a - a potion of berserk rage {unknown}
 i - 2 potions of flight {unknown}
 j - 3 potions of agility {unknown}
 o - a potion of curing {unknown}
Comestibles
 d - 5 rations
 q - 3 chunks of flesh


   Skills:
 - Level 1.5 Dodging
 - Level 2.1 Stealth
 - Level 2.0 Spellcasting
   Level 0.7 Transmutations
 + Level 6.0 Earth Magic


You had 6 spell levels left.
You knew the following spells:

 Your Spells              Type           Power        Failure   Level  Hunger
a - Sandblast             Erth           ###...       1%          1    #......

Your spell library contained the following spells:

 Spells                   Type           Power        Failure   Level  Hunger
 Stone Arrow              Conj/Erth      ##....       19%         3    ###....
 Passwall                 Tmut/Erth      ##......     8%          2    ###....
 Lee's Rapid Deconstruct  Erth           ###.......   43%         5    ######.
 Petrify                  Tmut/Erth      ##......     45%         4    #####..


Dungeon Overview and Level Annotations

Branches:
Dungeon (2/15)

Altars:
Uskayaw


Innate Abilities, Weirdness & Mutations

You are resistant to torment.
Your stone body is resilient. (AC +3)
You are immune to poison.
You resist negative energy. (rN+)
You are resistant to electric shocks. (rElec)
You can survive without breathing.
You are immune to petrification.
You are immune to rotting.


Message History

You kill the kobold!
You hear a splash.
b - 105 stones You enter the shallow water.
Moving in this stuff is going to be slow.
b - 106 stones (gained 1)
You enter the shallow water.
Moving in this stuff is going to be slow.
You enter the shallow water.
Moving in this stuff is going to be slow.
You enter the shallow water.
Moving in this stuff is going to be slow.
You enter the shallow water.
Moving in this stuff is going to be slow.
There is a faded altar of an unknown god here.
You cannot tell which god this altar belongs to.
Convert to them anyway?
Uskayaw accepts your prayer! Uskayaw welcomes you!
You can now stomp with the beat.
Are you sure you want to abandon this character and quit the game? (Confirm with "yes".)

###############
#≈....≈.......#
#≈.≈.≈≈.....≈≈#
#..≈≈≈≈≈≈≈≈≈).#
#≈.≈≈≈≈≈≈≈≈≈..#
#≈.≈≈≈≈≈≈≈≈≈..#
#.≈≈≈≈♣♣≈≈≈≈..#
#≈.≈≈≈.@.≈≈≈≈≈#
##..≈≈≈≈♣.≈≈≈..#
#...≈≈≈≈≈≈≈≈≈..#
#.≈≈≈≈≈≈≈≈≈≈≈..#
#..≈≈≈≈≈≈≈≈≈≈≈≈#
#..≈≈≈≈≈.≈≈.≈≈≈#
#....≈....≈..≈≈#
#...############
#### #####....#
#####...


There were no monsters in sight!

Vanquished Creatures
  An adder (D:2)
  A gnoll (D:1)
  2 oozes (D:1)
  3 dart slugs (D:1)
  2 giant cockroaches
  3 goblins
  7 hobgoblins
  4 jackals (D:2)
  2 bats (D:1)
  5 frilled lizards
  2 kobolds
  7 rats
39 creatures vanquished.

Notes
Turn   | Place    | Note
-------+----------+-------------------------------------------
     0 | D:1      | LLavrengius the Gargoyle Earth Elementalist began the quest for the Orb.
     0 | D:1      | Reached XP level 1. HP: 10/10 MP: 3/3
    60 | D:1      | Reached skill level 4 in Earth Magic
   444 | D:1      | Reached XP level 2. HP: 15/15 MP: 5/5
   965 | D:1      | Reached XP level 3. HP: 19/19 MP: 1/6
  1086 | D:1      | Reached skill level 5 in Earth Magic
  1837 | D:2      | Reached XP level 4. HP: 23/24 MP: 2/7
  2077 | D:2      | Reached skill level 6 in Earth Magic
  2158 | D:2      | Found a faded altar of an unknown god.
  2213 | D:2      | Became a worshipper of Uskayaw the Reveler
  2213 | D:2      | Reached * piety under Uskayaw
  2214 | D:2      | Quit the game

Vault maps used:
D:1:      nicolae_arrival_somewhat_less_tricky_arrival, nrook_uturn
D:2:      nicolae_dithmenos_through_a_glass_darkly, first_ration,
          chequers_ecumenical_altar_island, minmay_misc_feat_rows, uniq_robin

Skill      XL: |  1  2  3  4 |
---------------+-------------+-----
Earth Magic    | 4 5 6 |  6.0
Dodging        | |  1.5
Stealth        | |  2.1
Spellcasting   | |  2.0
Transmutations | |  0.7

Action                   |  1- 3 |  4- 6 || total
-------------------------+-------+-------++-------
Melee: Club              |    41 |    72 ||   113
 Cast: Sandblast         |    23 |    11 ||    34
 Stab: Sleeping          |     4 |       ||     4
  Eat: Chunk             |     3 |     2 ||     5
Armor: Robe              |    12 |    47 ||    59
Dodge: Dodged            |    40 |    56 ||    96

Table legend:
 A = Non-vault XP
 B = Vault XP
 C = Vault XP percentage of total XP
 D = Non-vault monster count
 E = Vault monster count
 F = Vault count percentage of total count
 G = Total turns spent on level
                 A         B        C        D         E       F
            +---------+---------+-------+---------+---------+-------
      Total |     104 |       0 |   0.0 |      39 |       0 |   0.0
            +---------+---------+-------+---------+---------+-------
        D:1 |      66 |       0 |   0.0 |      23 |       0 |   0.0
        D:2 |      38 |       0 |   0.0 |      16 |       0 |   0.0
            +---------+---------+-------+---------+---------+-------
